AoeStats
← Cabra da Peste

Black Forest

510640434Analyzed
4v4 RM · 1d ago on Oct 1, 2026· 40m 13s· 8 players
Game mode
Random Map
Map size
Large (8 player)
Population
200
Speed
Normal
Resources
Standard
Victory
Conquest
Starting age
Dark Age
Ending age
Imperial Age
RankedLock teamsTeams togetherTeam positionsShared explorationLock speedFull tech treeHidden civsTurbo modeCheats
Victory
Defeat
🇧🇷 Britons · Brazil
1110
+16
🇪🇸 Huns · Spain
1106
+16
🇨🇳 Hindustanis · China
1104
+16
🇺🇸 Bohemians · United States
1100
+17
🇨🇱 Persians · Chile
1247
-21
🇬🇧 Lithuanians · United Kingdom
1204
-20
🇺🇸 Britons · United States
1021
-13
🇨🇱 Portuguese · Chile
979
-11
Cabra da Peste
1:02 Loom
12:04 Feudal Age
18:55 Castle Age
17:56 Gold Mining
17:53 Double-Bit Axe
25:30 Bow Saw
28:17 Crossbowman
30:30 Fletching
31:03 Ballistics
31:16 Pikeman
33:07 Wheelbarrow
36:55 Yeomen
37:59 Horse Collar
40:51 Imperial Age
40:21 Squires
kirlito
13:58 Feudal Age
15:23 Wheelbarrow
14:34 Double-Bit Axe
14:31 Horse Collar
22:30 Castle Age
20:42 Stone Mining
20:44 Gold Mining
21:31 Scale Barding Armor
21:36 Forging
23:27 Hand Cart
23:14 Heavy Plow
23:28 Bow Saw
27:55 Gold Shaft Mining
29:11 Chain Barding Armor
29:34 Iron Casting
30:26 Bloodlines
30:17 Husbandry
33:35 Imperial Age
30:52 Town Watch
31:47 Marauders
33:35 Elite Tarkan
35:29 Blast Furnace
35:22 Plate Barding Armor
35:13 Conscription
飞鱼
0:32 Loom
12:36 Feudal Age
18:53 Castle Age
17:07 Double-Bit Axe
17:10 Horse Collar
17:33 Stone Mining
18:04 Gold Mining
20:40 Bow Saw
21:18 Wheelbarrow
21:35 Fortified Wall
22:01 Heavy Plow
24:52 Scale Mail Armor
30:54 Imperial Age
29:05 Chain Mail Armor
30:14 Forging
31:08 Fletching
32:02 Elite Ghulam
33:03 Conscription
33:47 Squires
34:28 Iron Casting
40:29 Arson
41:47 Blast Furnace
40:36 Town Watch
41:07 Hand Cart
TheEel
5:37 Loom
13:14 Feudal Age
13:51 Double-Bit Axe
13:49 Horse Collar
16:42 Castle Age
17:49 Heavy Plow
18:02 Bow Saw
19:43 Fervor
23:48 Wheelbarrow
25:11 Hand Cart
24:42 Loom
28:26 Sanctity
30:38 Imperial Age
29:15 Chemistry
28:55 Wagenburg Tactics
29:44 Fletching
30:08 Masonry
30:50 Bodkin Arrow
31:41 Conscription
30:52 Houfnice
32:18 Hussite Reforms
31:47 Pikeman
32:28 Squires
32:29 Scale Mail Armor
34:13 Siege Engineers
33:35 Halberdier
34:45 Forging
34:50 Chain Mail Armor
34:58 Redemption
37:19 Plate Mail Armor
37:25 Iron Casting
37:13 Ballistics
37:51 Coinage
Achilles333
12:02 Feudal Age
13:08 Double-Bit Axe
16:19 Castle Age
16:13 Horse Collar
17:37 Bow Saw
17:28 Heavy Plow
22:06 Stone Mining
22:42 Gold Mining
24:30 Gold Shaft Mining
29:44 Imperial Age
27:53 Wheelbarrow
27:05 Loom
27:12 Fletching
27:51 Bodkin Arrow
27:57 Padded Archer Armor
28:27 Ballistics
29:22 Leather Archer Armor
29:38 Caravan
30:50 Conscription
31:36 Chemistry
30:59 Hand Cart
30:57 Bracer
32:27 Siege Engineers
35:32 Two-Man Saw
35:14 Ring Archer Armor
34:57 Masonry
35:01 Elite Longbowman
NoobSB
10:37 Feudal Age
14:34 Castle Age
12:51 Double-Bit Axe
12:49 Horse Collar
15:54 Bow Saw
16:17 Heavy Plow
25:20 Bloodlines
25:10 Husbandry
25:12 Gold Mining
26:18 Scale Barding Armor
26:23 Forging
27:13 Chain Barding Armor
27:07 Loom
28:21 Wheelbarrow
28:42 Iron Casting
29:22 Hand Cart
32:19 Imperial Age
30:23 Husbandry
31:02 Stone Mining
32:23 Elite Leitis
33:43 Conscription
33:27 Tower Shields
32:56 Elite Skirmisher
33:42 Thumb Ring
34:15 Plate Barding Armor
33:31 Fletching
33:41 Padded Archer Armor
34:51 Two-Man Saw
34:03 Caravan
37:24 Ballistics
38:04 Chemistry
37:00 Bodkin Arrow
37:21 Leather Archer Armor
38:51 Bracer
elsk88
6:31 Loom
14:26 Feudal Age
17:41 Double-Bit Axe
19:49 Horse Collar
22:33 Castle Age
21:35 Forging
23:43 Bow Saw
23:36 Heavy Plow
26:53 Stone Mining
28:16 Wheelbarrow
29:15 Stone Shaft Mining
31:12 Treadmill Crane
32:43 Ballistics
33:24 Hand Cart
35:29 Gold Mining
VX | Elfomaldito
0:27 Loom
12:47 Feudal Age
17:58 Castle Age
17:16 Double-Bit Axe
17:17 Horse Collar
22:23 Bow Saw
22:45 Town Watch
26:30 Stone Mining
29:27 Wheelbarrow
29:16 Heavy Plow
33:39 Imperial Age
31:10 Gold Mining
31:54 Ballistics
33:38 Gold Shaft Mining
33:33 Scale Barding Armor
33:39 Forging
34:20 Conscription
33:58 Light Cavalry
34:50 Bloodlines
39:45 Kamandaran
39:11 Crossbowman
Connection lost

Rejoining the realm…

Still unreachable

The connection could not be restored.

Session expired

The server has moved on; the page needs a fresh start.